 Dungeon Crawl Stone Soup version 0.29.1-15-g9cfb28693d (webtiles) character file.

Game seed: 769096112333764100

42 H0rd4k the Charlatan (level 3, 0/24 HPs)
             Began as an Octopode Artificer on Mar 30, 2023.
             Slain by a ball python (1 damage)
             ... on level 2 of the Dungeon.
             The game lasted 00:00:48 (1734 turns).

H0rd4k the Charlatan (Octopode Artificer)           Turns: 1734, Time: 00:00:49

Health: 0/24       AC:  1    Str: 11    XL:     3   Next: 54%
Magic:  5/5        EV: 10    Int: 15    God:
Gold:   24         SH:  0    Dex: 12    Spells: 5/5 levels left

rFire   . . .      SeeInvis +   (no weapon)
rCold   . . .      Faith    .   (no shield)
rNeg    . . .      Spirit   .   (helmet restricted)
rPois   .          Reflect  .   (no amulet)
rElec   .          Harm     .   f - ring of see invisible
rCorr   .          Rampage  .   (no ring)
Will    .....                   (no ring)
Stlth   +++.......              (no ring)
HPRegen 0.08/turn               (no ring)
MPRegen 0.09/turn               (no ring)
                                (no ring)
                                (no ring)

@: constricted
A: almost no armour, amphibious, 8 rings, camouflage 1, gelatinous body 1,
(nimble swimmer 1), tentacles
a: no special abilities


You were on level 2 of the Dungeon.
You visited 1 branch of the dungeon, and saw 2 of its levels.

You collected 24 gold pieces.

Inventory:

Jewellery
 f - a ring of see invisible (left tentacle)
Wands
 b - a wand of flame (15) (quivered)
 c - a wand of charming (13)
 d - a wand of iceblast (5)
Scrolls
 a - 2 scrolls of identify {unknown}
 e - a scroll of amnesia {unknown}
 g - a scroll of blinking {unknown}
 h - 2 scrolls of fear {unknown}
 i - a scroll of teleportation {unknown}


   Skills:
 * Level 2.3 Fighting
 - Level 2.3 Dodging
 - Level 1.3 Stealth
 + Level 0.9 Unarmed Combat
 * Level 1.5 Spellcasting
 - Level 3.2 Evocations


You had 5 spell levels left.
You didn't know any spells.
Your spell library contained the following spells:

 Spells                   Type           Power      Damage    Failure   Level
 Sandblast                Erth           2%         2d4       24%         1
 Passwall                 Tmut/Erth      0%         N/A       34%         2
 Stone Arrow              Conj/Erth      2%         3d7       56%         3


Dungeon Overview and Level Annotations

Branches:
Dungeon (2/15)

Altars:


Innate Abilities, Weirdness & Mutations

You cannot wear most types of armour.
You are amphibious.
You can wear up to eight rings at the same time.
Your skin changes colour to match your surroundings (Stealth+).
Your rubbery body absorbs attacks. (AC +1, EV +1)
((You are camouflaged when in or above water. (Stealth+)))
You have tentacles for arms and can constrict up to eight enemies at once.


Message History

The kobold is heavily wounded.
The kobold hits you with a +0 club. The kobold closely misses you.
The frilled lizard barely misses you.
You barely miss the kobold. Your grab misses the kobold.
The kobold is heavily wounded.
You barely miss the kobold. You grab the kobold.
The kobold is heavily wounded.
You constrict the kobold. The frilled lizard bites you.
The kobold barely misses you.
The kobold hits you with a +0 short sword.
You barely miss the kobold.
The kobold is severely wounded.
You constrict the kobold, but do no damage.
The ball python closely misses you. The ball python barely misses you.
The frilled lizard bites you.
The kobold hits you with a +0 short sword.
The kobold hits you with a +0 club.
* * * LOW HITPOINT WARNING * * *
The ball python misses you. The ball python grabs you.
The ball python constricts you.
* * * LOW HITPOINT WARNING * * *
Aiming: Charm
Press: ? - help, Shift-Dir - straight line, f - kobold
Aim: a kobold, wielding a +0 short sword (chance to affect: 73%)
The kobold struggles to resist.
You constrict the kobold.
You kill the kobold!
The frilled lizard bites you.
* * * LOW HITPOINT WARNING * * *
The kobold misses you. The ball python bites you.
* * * LOW HITPOINT WARNING * * *
The ball python constricts you.
* * * LOW HITPOINT WARNING * * *
Aiming: Charm
Press: ? - help, Shift-Dir - straight line, f/p - kobold
Aim: a kobold, wielding a +0 short sword (chance to affect: 73%)
The kobold struggles to resist.
The endoplasm jiggles.
The frilled lizard bites you but does no damage.
The kobold closely misses you. The ball python bites you.
You die...

.. .#.....#
... ......# #
...##..... .#
.........##.##
.............#
.............#
.......<.....#
......SJ.....#
......K@.....#
.......l.....#
.............#
.............#
.####........#
####.....#
.....# .....#


You could see an endoplasm, a ball python, a kobold and a frilled lizard.

Vanquished Creatures
  A gnoll (D:1)
  A dart slug (D:1)
  A worm (D:2)
  4 endoplasms (D:1)
  2 giant cockroaches (D:1)
  2 goblins (D:1)
  3 hobgoblins (D:1)
  A kobold (D:2)
  3 quokkas (D:1)
  A ball python (D:1)
  2 bats (D:1)
  A frilled lizard (D:1)
  4 rats (D:1)
26 creatures vanquished.

Notes
Turn   | Place    | Note
-------+----------+-------------------------------------------
     0 | D:1      | H0rd4k the Octopode Artificer began the quest for the Orb.
     0 | D:1      | Reached XP level 1. HP: 13/13 MP: 1/1
   144 | D:1      | Found a faded altar of an unknown god.
   156 | D:1      | Reached XP level 2. HP: 13/19 MP: 2/2
   432 | D:1      | Reached skill level 1 in Spellcasting
   757 | D:1      | Reached XP level 3. HP: 17/24 MP: 3/5
  1733 | D:2      | HP: 1/24 [constriction (1)]
  1734 | D:2      | Slain by a ball python

Illustrated notes

Levels and vault maps discovered:
D:1:      evilmike_arrival_rings, layout_basic,
          dreamdust_ecumenical_altar_angels_and_demons, serial_rivers,
          chequers_serial_rivers_room_b, chequers_serial_rivers_marsh,
          chequers_serial_rivers_large_a, chequers_serial_rivers_small_b,
          chequers_serial_rivers_small_3, chequers_serial_rivers_micro_b
D:2:      layout_basic, uniq_terence

Skill      XL: |  1  2 |
---------------+-------+-----
Spellcasting   | 1 |  1.5
Fighting       | 2 |  2.3
Dodging        | |  2.3
Stealth        | |  1.3
Unarmed Combat | |  0.9
Evocations     | |  3.2

Action                   || total
-------------------------++-------
Melee: Unarmed           ||    71
       Tentacles         ||    19
       Constrict         ||    21
       Punch             ||     2
Evoke: Wand              ||     2
 Stab: Sleeping          ||     2
Armor: Skin              ||     5
Dodge: Dodged            ||    45
